Map: Pillars of Gold LE

Players

picoeur - Winner!

  • Race: Terran Terran
  • League: Diamond
  • Spawn Location: 7:00

prospeKt

  • Race: Zerg Zerg
  • League: Platinum
  • Spawn Location: 1:00

VOD

Have the link to the VOD?

Description

Time

  • Played on: June 10, 2020, 11:01 a.m.
  • Length: 30:41
Show
View Real Time Build Order
Export as new Build Order

picoeur Terran - Winner!

Build Orders: Liberator Opening, Reaper Expand 

Get SALT Encoding   

  12  0:01  SCV  
  13  0:13  SCV  
  14  0:18  Supply Depot  
  14  0:25  SCV  
  15  0:40  SCV  
  15  0:41  Barracks  
  16  0:46  Refinery  
  16  0:52  SCV  
  17  1:04  SCV  
  17  1:07  Supply Depot  
  18  1:16  SCV  
  19  1:30  Orbital Command  
  19  1:35  Reaper  
  20  1:55  Command Center  
  20  1:57  SCV  
  21  2:07  Reaper  
  22  2:09  SCV  
  23  2:20  Refinery  
  23  2:22  SCV  
  24  2:25  Factory  
  24  2:34  SCV  
  25  2:46  SCV  
  26  2:53  Marine  
  26  2:58  SCV  
  28  3:02  Supply Depot  
  28  3:09  Factory Reactor, Starport  
  28  3:10  SCV  
  28  3:11  Marine  
  30  3:14  Orbital Command  
  30  3:22  SCV  
  31  3:34  SCV, Marine  
  33  3:46  SCV  
  34  3:52  Marine  
  34  3:53  Liberator  
  34  3:54  Barracks  
  38  3:56  SCV  
  38  4:00  SCV, Refinery  
  40  4:03  Refinery  
  40  4:08  SCV  
  40  4:09  Marine  
  42  4:17  SCV  
  42  4:22  SCV  
  44  4:26  Widow Mine  
  44  4:27  Marine  
  44  4:29  SCV  
  48  4:34  SCV  
  49  4:43  Liberator  
  52  4:48  Widow Mine  
  54  5:04  Supply Depot x2, Barracks Tech Lab  
  54  5:05  Supply Depot  
  54  5:07  Barracks  
  54  5:09  Barracks  
  54  5:10  Barracks  
  54  5:12  Command Center  
  54  5:18  Factory Tech Lab  
  54  5:25  SCV x2, Liberator  
  54  5:27  Barracks Tech Lab  
  59  5:37  SCV x2  
  61  5:56  Barracks Tech Lab  
  61  5:57  Barracks Tech Lab x2  
  61  5:59  Concussive Shells, Stimpack  
  61  6:02  Supply Depot  
  61  6:04  Marauder  
  61  6:05  Medivac, Marauder  
  61  6:08  Medivac, Command Center  
  61  6:10  SCV x2  
  71  6:16  Marine x3  
  74  6:22  SCV x2  
  76  6:33  Marauder, Marine  
  76  6:34  Marauder, Marine  
  76  6:35  Medivac, Marauder  
  86  6:51  Marine  
  86  6:52  Marauder  
  89  6:54  Medivac, Marine  
  89  6:55  Marauder, Marine  
  95  7:01  Orbital Command  
  95  7:05  Medivac  
  97  7:09  Marauder  
  97  7:12  Marine  
  97  7:13  Marauder, Marine  
  97  7:17  Marauder  
  99  7:30  Marine  
  100  7:41  Orbital Command  
  100  7:42  Siege Tank  
  103  7:47  Engineering Bay  
  103  7:49  Armory, Engineering Bay  
  103  7:55  SCV  
  103  7:56  SCV  
  105  7:58  SCV  
  106  8:07  SCV  
  106  8:08  SCV  
  106  8:10  SCV  
  105  8:14  Siege Tank  
  105  8:19  SCV  
  109  8:20  SCV  
  109  8:22  Marine  
  109  8:23  SCV, Marauder x2, Marine  
  109  8:25  Marauder  
  101  8:40  Marine  
  101  8:41  Marauder  
  101  8:44  Marauder, Marine  
  101  8:46  Marine, Siege Tank  
  104  8:49  SCV x3  
  104  8:53  Planetary Fortress  
  103  8:56  Terran Infantry Weapons Level 1, Terran Infantry Armor Level 1  
  103  8:57  Terran Vehicle Weapons Level 1  
  103  8:58  Marauder  
  103  9:00  Missile Turret  
  103  9:01  SCV x3, Marine  
  109  9:02  Marauder  
  109  9:04  Missile Turret, Marine  
  109  9:05  Marine  
  109  9:09  Medivac x2  
  115  9:13  SCV  
  115  9:14  Starport  
  115  9:15  Barracks  
  116  9:19  Starport  
  116  9:23  Missile Turret  
  116  9:27  Supply Depot  
  116  9:30  Supply Depot  
  116  9:41  Refinery  
  116  9:42  Refinery  
  116  9:48  SCV x3, Medivac, Marine  
  116  9:49  Marauder  
  116  9:51  Marine  
  116  9:52  SCV, Supply Depot, Marauder x2  
  130  9:54  Supply Depot  
  130  9:55  Starport Reactor  
  130  10:01  SCV x2  
  132  10:10  Barracks Tech Lab  
  132  10:11  Starport Reactor  
  132  10:13  SCV x3, Marine x2  
  132  10:14  Marauder  
  139  10:17  Supply Depot x2  
  139  10:21  Medivac  
  139  10:22  Medivac  
  143  10:30  SCV  
  143  10:31  SCV x3  
  143  10:33  Refinery  
  147  10:35  Refinery  
  148  10:42  SCV  
  148  10:43  SCV x2  
  132  10:50  Marine x2  
  132  10:51  Medivac, Marauder x3  
  140  11:08  Marine, Sensor Tower  
  140  11:09  Marauder  
  143  11:11  Marine  
  143  11:12  Marauder, Marine  
  147  11:19  Supply Depot  
  147  11:24  Medivac x2  
  147  11:25  Medivac x2  
  155  11:26  Marauder  
  155  11:29  Marine, Liberator x2  
  164  11:40  SCV x3, Marauder x2, Marine  
  164  11:42  Supply Depot  
  172  11:49  Missile Turret  
  172  11:58  Drilling Claws  
  172  12:00  Terran Infantry Armor Level 2, Terran Infantry Weapons Level 2  
  172  12:02  Terran Vehicle Weapons Level 2  
  172  12:03  SCV, Marauder x3, Marine  
  172  12:04  Supply Depot  
  180  12:22  Fusion Core  
  180  12:26  SCV x3, Medivac, Liberator  
  188  12:30  Command Center  
  188  12:32  Marauder, Marine x2, Liberator  
  195  12:40  Command Center  
  195  12:49  Marine  
  196  13:03  Liberator  
  196  13:04  Liberator  
  195  13:06  Liberator x2  
  195  13:08  Marauder x2, Marine x2  
  195  13:09  Marauder, Liberator  
  190  13:14  Liberator  
  188  13:25  Marine  
  188  13:27  Marauder  
  191  13:29  Advanced Ballistics, Marine  
  191  13:30  Marauder, Marine  
  195  13:44  Marauder  
  195  13:47  Marine  
  195  13:48  Marauder  
  200  13:49  Command Center  
  200  14:05  Marauder  
  200  14:09  Marauder  
  196  14:15  Planetary Fortress  
  196  14:19  Marauder, Marine x2  
  200  14:48  Weapon Refit  
  157  15:08  Marauder, Marine x2  
  157  15:09  Marauder x2  
  165  15:26  Marauder, Marine  
  168  15:29  Marine  
  168  15:30  Marauder, Marine  
  166  15:44  Marauder  
  166  15:47  Marine  
  166  15:48  Marauder, Marine  
  172  15:50  Liberator x3  
  172  15:51  Marauder, Liberator  
  172  15:52  Terran Ship Weapons Level 1  
  172  15:54  Armory x2, Terran Infantry Weapons Level 3, Terran Infantry Armor Level 3  
  186  16:02  Command Center  
  186  16:05  Marauder, Marine x2  
  186  16:09  Marauder  
  192  16:12  Marine  
  193  16:23  Marauder, Marine  
  193  16:25  Refinery x2  
  196  16:27  Marauder  
  196  16:30  Marine  
  194  17:03  Marauder x2, Marine x2  
  191  17:27  Marauder x2, Marine x2  
  191  17:28  Marauder  
  194  17:44  Marine  
  194  17:45  Marauder  
  194  17:48  Marine  
  194  17:49  Marauder  
  190  18:31  Marine x2  
  190  18:32  Marauder x3  
  159  18:49  Marine  
  159  18:55  Marine x2  
  153  18:56  Marauder x2  
  160  19:02  SCV  
  160  19:06  Command Center  
  160  19:07  Marauder  
  160  19:08  Command Center  
  162  19:13  Marine  
  162  19:14  Marauder  
  162  19:15  SCV  
  162  19:17  Marauder, Marine  
  167  19:27  Viking  
  167  19:28  Viking x4, Marine  
  167  19:29  Terran Vehicle Weapons Level 3  
  167  19:30  Terran Vehicle And Ship Armor Level 1, Terran Ship Weapons Level 2  
  167  19:31  Marine  
  175  19:32  Hi-Sec Auto Tracking, Neosteel Armor  
  175  19:35  Marauder x2  
  178  19:38  Planetary Fortress, Marine  
  175  19:46  Marauder  
  175  19:47  Missile Turret x2  
  175  19:49  Missile Turret, Marine  
  178  19:55  Missile Turret  
  178  19:56  Marauder x2, Marine  
  183  20:06  Marine  
  184  20:07  Missile Turret  
  184  20:08  Marauder  
  184  20:09  Planetary Fortress, Missile Turret  
  186  20:14  Marauder  
  186  20:17  Missile Turret x2, Marine  
  186  20:18  Missile Turret x2, Marauder  
  186  20:19  Missile Turret x2  
  191  20:24  Marine  
  192  20:41  Missile Turret  
  178  21:19  Rapid Reignition System  
  178  21:28  Refinery x2  
  178  21:30  Sensor Tower  
  178  21:31  Command Center  
  167  22:19  Command Center  
  167  22:20  Starport  
  167  22:28  Liberator  
  167  22:29  Liberator x5  
  143  23:58  Marine  
  143  23:59  Marauder x3, Marine  
  133  24:09  Liberator x5  
  130  24:10  Liberator  
  130  24:16  Marine  
  128  24:17  Marauder  
  128  24:20  Marine x2, Starport Tech Lab  
  128  24:21  Marauder  
  128  24:23  Starport  
  134  24:35  Marauder  
  134  24:38  Marauder, Marine x2  
  139  24:42  Marauder  
  142  24:51  Liberator x2  
  142  24:55  Marine  
  142  24:56  Marauder, Marine  
  148  25:00  Marauder  
  148  25:02  Starport  
  148  25:03  Marine  
  144  25:14  Marauder, Marine  
  117  25:17  Marauder  
  117  25:21  Marauder, Marine  
  109  25:27  Planetary Fortress  
  109  25:32  Marauder  
  109  25:34  Battlecruiser, Starport Tech Lab  
  109  25:35  Marine  
  116  25:39  Marauder x2  
  116  25:41  Starport  
  116  25:42  Marine  
  121  25:45  Orbital Command  
  121  25:53  Marauder  
  121  25:54  Marauder  
  125  25:59  Orbital Command  
  125  26:00  Marauder, Marine x2  
  129  26:08  Battlecruiser  
  129  26:10  Starport Tech Lab  
  135  26:14  Marauder, Marine  
  135  26:15  Medivac  
  135  26:16  Medivac x3  
  135  26:18  Marauder, Marine, Terran Vehicle And Ship Armor Level 2  
  149  26:19  Terran Ship Weapons Level 3  
  149  26:21  Starport  
  149  26:22  Marauder  
  151  26:27  Planetary Fortress  
  153  26:33  Marauder  
  153  26:35  Marine  
  153  26:36  Marauder  
  153  26:38  Battlecruiser  
  153  26:39  Marine  
  163  26:43  Marauder  
  165  26:51  Orbital Command  
  165  26:54  Marauder, Marine  
  168  26:57  Marauder, Marine  
  168  26:58  Starport  
  168  27:01  Starport Tech Lab x2  
  171  27:03  Battlecruiser  
  171  27:05  Refinery, Liberator x2  
  183  27:11  Refinery  
  183  27:12  Battlecruiser  
  186  27:43  Battlecruiser  
  186  28:06  Battlecruiser x2  
  186  28:08  Starport Tech Lab  
  148  29:42  Marine x2  
  148  29:43  Marauder x3  
  138  30:00  Marine  
  138  30:01  Marauder  
  138  30:03  Marine  
  138  30:04  Marauder, Marine  
  145  30:18  Marauder  
  147  30:21  Marine  
  147  30:22  Marine  
Show
View Real Time Build Order
Export as new Build Order

prospeKt Zerg 

Build Orders: Hatch First 

Get SALT Encoding   

  12  0:01  Drone  
  13  0:12  Overlord  
  13  0:17  Drone  
  14  0:32  Drone x2  
  16  0:41  Drone  
  17  0:53  Hatchery  
  17  0:56  Drone  
  17  1:06  Drone  
  18  1:14  Spawning Pool  
  18  1:16  Drone  
  18  1:21  Drone  
  19  1:28  Drone  
  19  1:30  Extractor  
  19  1:38  Drone  
  20  1:49  Drone  
  21  2:00  Drone  
  22  2:05  Overlord  
  22  2:06  Queen x2  
  26  2:21  Drone x2  
  28  2:27  Spine Crawler  
  28  2:28  Drone  
  28  2:29  Drone  
  29  2:33  Drone  
  30  2:41  Overlord  
  30  2:42  Queen  
  31  2:45  Drone  
  31  2:48  Lair  
  31  2:53  Drone  
  32  3:04  Drone x2  
  34  3:12  Roach Warren, Drone x2  
  35  3:17  Overlord  
  35  3:23  Zergling x2  
  35  3:24  Zergling x2  
  37  3:28  Drone x3  
  37  3:31  Drone x2  
  42  3:39  Overlord  
  42  3:40  Drone  
  43  3:58  Roach  
  43  3:59  Roach x3  
  43  4:00  Drone  
  52  4:05  Extractor  
  52  4:09  Extractor  
  49  4:11  Drone x3  
  49  4:16  Hatchery  
  50  4:18  Zergling x2  
  51  4:25  Overlord x2  
  51  4:33  Evolution Chamber  
  50  4:42  Roach  
  52  4:59  Drone x6  
  58  5:07  Glial Reconstitution  
  58  5:09  Zerg Missile Weapons Level 1  
  58  5:11  Drone x2  
  60  5:23  Roach x2  
  64  5:35  Drone x2  
  64  5:41  Spore Crawler  
  64  5:42  Drone x3  
  66  5:53  Roach x2  
  66  5:54  Drone  
  71  6:00  Hydralisk Den  
  71  6:03  Evolution Chamber  
  71  6:04  Spore Crawler, Drone  
  70  6:06  Drone x5  
  70  6:07  Overlord x2  
  67  6:37  Roach Warren  
  67  6:38  Hydralisk  
  67  6:39  Hydralisk x10  
  82  6:41  Grooved Spines  
  82  6:53  Extractor  
  79  6:56  Drone x7  
  79  7:00  Extractor  
  79  7:09  Hydralisk x2  
  79  7:14  Hatchery  
  78  7:22  Drone  
  79  7:23  Drone x7  
  86  7:38  Spore Crawler  
  86  7:42  Drone  
  86  7:43  Drone x3  
  90  7:44  Drone  
  90  7:45  Overlord x2  
  90  7:51  Overlord x2  
  90  7:53  Muscular Augments  
  86  8:06  Hydralisk x6  
  93  8:24  Hydralisk x3  
  89  9:00  Hatchery  
  88  9:03  Drone x4  
  88  9:04  Hydralisk, Drone x3  
  88  9:05  Hydralisk x2  
  101  9:10  Extractor  
  100  9:20  Extractor  
  100  9:21  Extractor  
  100  9:22  Drone x7  
  105  9:29  Spine Crawler  
  105  9:31  Spine Crawler  
  103  9:33  Drone x3  
  103  9:35  Zerg Ground Armor Level 1  
  103  9:36  Spine Crawler  
  105  9:46  Drone x3  
  108  9:55  Spine Crawler, Spore Crawler  
  108  9:56  Drone x3  
  109  10:01  Lair  
  109  10:03  Drone x2  
  111  10:23  Hydralisk x5  
  111  10:24  Hydralisk  
  123  10:31  Drone  
  123  10:32  Drone x2  
  124  10:45  Hydralisk x3  
  124  10:51  Queen  
  124  10:54  Queen  
  128  11:13  Overlord x3  
  128  11:14  Overlord  
  128  11:20  Overseer  
  128  11:30  Zerg Missile Weapons Level 2  
  128  11:42  Queen  
  128  11:43  Queen  
  132  11:47  Hydralisk  
  132  11:48  Hydralisk x8  
  150  11:59  Infestation Pit  
  149  12:04  Infestation Pit  
  148  12:15  Drone x8  
  156  12:20  Hatchery  
  155  12:23  Hydralisk x2  
  159  12:42  Overlord x2  
  159  12:43  Overlord x2  
  159  12:49  Hive  
  159  12:53  Lurker Den  
  154  13:08  Hydralisk x9  
  130  13:21  Hydralisk x3  
  136  13:29  Hydralisk  
  136  13:30  Hydralisk x5  
  148  13:44  Hydralisk x5  
  148  13:45  Zerg Ground Armor Level 2  
  158  13:53  Hatchery  
  156  14:08  Hydralisk x6  
  166  14:23  Hydralisk x4  
  174  14:32  Hatchery  
  173  14:48  Hatchery  
  168  14:55  Hydralisk x9  
  142  15:08  Adaptive Talons  
  142  15:13  Drone x3  
  143  15:16  Lurker x2  
  143  15:17  Lurker  
  142  15:28  Zergling x4  
  126  15:34  Drone x5  
  110  15:49  Spire  
  109  15:54  Hydralisk x4  
  117  16:02  Zerg Missile Weapons Level 3  
  117  16:06  Seismic Spines  
  107  16:12  Hydralisk x5  
  113  16:29  Drone x3, Extractor  
  113  16:31  Extractor  
  113  16:32  Hydralisk x5  
  113  17:04  Hydralisk x10  
  119  17:23  Hydralisk x6  
  113  17:44  Lurker x3  
  113  17:45  Lurker  
  113  17:48  Drone x8  
  72  18:42  Corruptor x3  
  67  18:55  Zerg Ground Armor Level 3, Hydralisk Den  
  62  19:08  Zergling x4  
  64  19:18  Hatchery  
  63  19:26  Drone  
  63  19:29  Drone  
  64  19:40  Zergling x4  
  66  19:51  Hydralisk  
  66  19:52  Hydralisk x3  
  74  19:56  Hatchery  
  73  20:01  Metabolic Boost  
  73  20:30  Hydralisk  
  73  20:31  Hydralisk x6  
  87  20:36  Zergling x2  
  87  20:37  Zergling x4  
  88  20:58  Hydralisk x2  
  88  20:59  Hydralisk x2  
  88  21:02  Hatchery  
  94  21:08  Hydralisk x4  
  102  21:18  Hatchery  
  101  21:19  Hatchery  
  101  21:20  Adrenal Glands  
  100  21:31  Extractor  
  99  21:32  Extractor  
  99  21:34  Zergling x16  
  103  22:00  Hatchery  
  100  22:10  Hatchery  
  99  22:20  Zergling x18  
  99  22:21  Zergling x6  
  111  22:35  Drone x2  
  111  22:36  Drone x3  
  113  22:44  Drone  
  113  22:45  Drone x4  
  115  22:57  Zergling x4  
  112  23:00  Zergling x12  
  112  23:02  Zergling x6  
  107  23:23  Hydralisk  
  107  23:24  Hydralisk x12  
  107  23:56  Hydralisk x7  
  107  23:57  Hydralisk x6  
  102  24:03  Hydralisk x5  
  102  24:08  Hatchery  
  111  24:21  Hydralisk x3  
  115  24:51  Hydralisk x3  
  115  24:52  Hydralisk x2  
  109  25:06  Hydralisk x3  
  98  25:12  Hydralisk  
  72  25:32  Hydralisk x3  
  76  25:49  Extractor  
  75  25:51  Extractor  
  75  25:54  Drone x9  
  83  25:59  Lurker  
  83  26:00  Lurker  
  83  26:01  Lurker  
  83  26:03  Lurker  
  84  26:36  Hydralisk x4  
  90  26:53  Hydralisk x3  
  96  27:05  Hydralisk x2  
  95  27:39  Hydralisk  
  95  27:40  Hydralisk x6  
  108  27:54  Hatchery  
  107  28:06  Corruptor  
  102  28:36  Corruptor  
  102  28:37  Corruptor  
  98  28:57  Drone x6  
  98  28:58  Drone x4  
  99  29:11  Spawning Pool  
  73  29:42  Corruptor x3  
Tags
 
Add a new tag
Caveats
  • Supply blocks, unpowered buildings, or Contaminate may cause inaccurate times.
  • Supply counts are checked every 10 seconds.